 Dungeon Crawl Stone Soup version 0.31-a0-675-g238779eb0a (webtiles) character file.

Game seed: 14627252441038248267

29505 LobsterGuardian the Brawler (level 13, -9/101 HPs)
             Began as a Ghoul Fighter on Sept 5, 2023.
             Was an Initiate of Yredelemnul.
             Mangled by an elephant (10 damage)
             ... on level 1 of the Lair of Beasts.
             The game lasted 00:55:18 (16935 turns).

LobsterGuardian the Brawler (Ghoul Fighter)        Turns: 16935, Time: 00:55:18

Health: -9/101     AC: 16    Str: 21    XL:     13   Next: 45%
Magic:  18/18      EV: 24    Int:  7    God:    Yredelemnul [......]
Gold:   1031       SH:  7    Dex: 18    Spells: 12/12 levels left

rFire   + .          .
                       - Unarmed
rCold   + + .        a - +1 buckler "Uschey Meet" {rCorr Int+4}
rNeg    + + +        f - +0 plate armour
rPois   ∞            B - +0 helmet
rElec   .            j - scarf {rC+ rF+}
rCorr   +            (no gloves)
SInv    .            (no boots)
Will    +....        w - amulet of the acrobat Stlth
                     h - +6 ring of dexterity
HPRegen 0.00/turn    F - ring of willpower
MPRegen 0.16/turn

%: acrobat
@: acrobatic, inhibited regen
A: claws 1, cold resistance 1, negative energy resistance 3, inhibited
regeneration, torment resistance 2, devour on kill
a: Renounce Religion, Recall Undead Harvest


You were on level 1 of the Lair of Beasts.
You worshipped Yredelemnul.
Yredelemnul was aware of your devotion.
You visited 2 branches of the dungeon, and saw 15 of its levels.
You also visited: Sewer and Bailey.

You collected 1031 gold pieces.

Inventory:

Missiles
 n - 4 throwing nets
 z - 9 boomerangs (quivered)
Armour
 a - the +1 buckler "Uschey Meet" (worn) {rCorr Int+4}
   (You found it on level 5 of the Dungeon)

   Int+4:     It affects your intelligence (+4).
   rCorr:     It protects you from acid and corrosion.
 f - a +0 plate armour (worn)
 j - a scarf of resistance (worn)
 B - a +0 helmet (worn)
Jewellery
 e - an amulet of faith
 h - a +6 ring of dexterity (left claw)
 l - a ring of wizardry
 m - a ring of ice
 p - an amulet of regeneration
 w - an amulet of the acrobat (around neck)
 y - a ring of flight
 F - a ring of willpower (right claw)
Wands
 g - a wand of polymorph (4)
 r - a wand of digging (4)
 s - a wand of mindburst (1)
Scrolls
 k - 8 scrolls of enchant armour
 q - 2 scrolls of identify
 t - 4 scrolls of enchant weapon
 v - 4 scrolls of amnesia
 I - a scroll of immolation
Potions
 b - 3 potions of attraction
 i - 3 potions of cancellation
 o - 4 potions of brilliance
 u - 3 potions of enlightenment
 A - 2 potions of lignification
 G - 2 potions of degeneration
 J - a potion of magic


   Skills:
 + Level 5.6 Fighting
 + Level 3.8 Throwing
 * Level 10.3 Armour
 * Level 5.1 Dodging
 + Level 6.0 Shields
 + Level 16.5 Unarmed Combat
 + Level 8.7 Invocations


You had 12 spell levels left.
You didn't know any spells.
Your spell library contained the following spells:

 Spells                   Type           Power      Damage    Failure   Level
 Magic Dart               Conj           0%         1d3       100%        1
 Blink                    Tloc           0%         N/A       100%        2
 Cigotuvi's Dreadful Rot  Necr/Pois/Air  0%         N/A       100%        2
 Lesser Beckoning         Tloc           0%         N/A       100%        2
 Searing Ray              Conj           0%         2d4       100%        2
 Gell's Gravitas          Tloc           0%         N/A       100%        3
 Ignite Poison            Fire/Tmut/Pois 0%         N/A       100%        3
 Teleport Other           Tloc           0%         N/A       100%        3
 Dispel Undead            Necr           0%         3d6       100%        4
 Fulminant Prism          Conj/Hex       0%         3d5       100%        4
 Manifold Assault         Tloc           0%         N/A       100%        4
 Petrify                  Tmut/Erth      0%         N/A       100%        4
 Sticky Flame             Conj/Fire      0%         2d3       100%        4
 Summon Ice Beast         Ice/Summ       0%         N/A       100%        4
 Freezing Cloud           Conj/Ice/Air   0%         6-21      100%        5
 Irradiate                Conj/Tmut      0%         3d11      100%        5
 Summon Mana Viper        Hex/Summ       0%         N/A       100%        5
 Dispersal                Tloc           0%         N/A       100%        6
 Monstrous Menagerie      Summ           0%         N/A       100%        7
 Ozocubu's Refrigeration  Ice            0%         4d7       100%        7
 Ignition                 Fire           0%         3d3       100%        8
 Polar Vortex             Ice            0%         N/A       100%        9
 Sublimation of Blood     Necr           Unusable   N/A       N/A         2
 Death Channel            Necr           Unusable   N/A       N/A         6
 Simulacrum               Ice/Necr       Unusable   N/A       N/A         6

Dungeon Overview and Level Annotations

Branches:
Dungeon (13/15)            Temple (0/1) D:5            Lair (2/5) D:9
  Snake (0/4) Lair:2          Orc (0/2) D:12          Sewer (visited)
 Bailey (visited)
  Swamp: Lair:2-3    Shoals: Lair:2-3    Vaults: D:13-14

Altars:
Ashenzari
Fedhas
Trog
Vehumet
Yredelemnul

Shops:
D:9 (

Annotations:
D:10 Snorg
D:13 Frances


Innate Abilities, Weirdness & Mutations

You are immune to poison.
You have sharp fingernails.
Your flesh is cold resistant. (rC+)
You are immune to negative energy. (rN+++)
You do not regenerate when monsters are visible.
You are immune to unholy pain and torment.
You thrive by killing the living.


Message History

The elephant attacks as it pursues you!
The elephant tramples you but does no damage.
The elephant barely misses you. The elephant attacks as it pursues you!
The elephant tramples you!
* * * LOW HITPOINT WARNING * * *
You stumble backwards!
The elephant attacks as it pursues you! The elephant misses you.
The elephant trunk-slaps you but does no damage.
The elephant attacks as it pursues you!
The elephant tramples you but does no damage.
The elephant barely misses you. The elephant attacks as it pursues you!
The elephant closely misses you. The elephant misses you.
The elephant attacks as it pursues you! The elephant tramples you!
* * * LOW HITPOINT WARNING * * *
You stumble backwards!
The elephant barely misses you. x2
The elephant attacks as it pursues you! The elephant completely misses you.
The elephant trunk-slaps you but does no damage.
The elephant attacks as it pursues you!
The elephant tramples you but does no damage.
The elephant misses you.
There is a staircase back to the Dungeon here.
The elephant tramples you!
* * * LOW HITPOINT WARNING * * *
You stumble backwards!
You stop ascending the stairs.
Unknown command.
Unknown command.
The elephant attacks as it pursues you! The elephant misses you.
You block the elephant's attack. The elephant attacks as it pursues you!
The elephant completely misses you. You block the elephant's attack.
The elephant attacks as it pursues you! You block the elephant's attack.
The elephant misses you. The elephant attacks as it pursues you!
The elephant completely misses you. The elephant trunk-slaps you.
* * * LOW HITPOINT WARNING * * *
The elephant attacks as it pursues you! The elephant tramples you!
You die...
You join the legions of the undead harvest.

#...#..........##########<..##.
#...#....#.....P#......##...##.
##...#....#.....##..........#...
#P...#....P.....##..............
##..............##..............
#...#....#.....##......D.......
#...#..........##.............#
#...#..........###.#..#.......#
#...##..##....@##.##..##.......
#..............Y...............
##..............................
#...............................
##..#.####......P######P#.......
#.#......#.....## ####.....#
#.#............######## #...#..
#..............##.....###......
#........P.....###.....##......


You could see an elephant.

Vanquished Creatures
  Nessos (D:13)
  2 vault guards (Bailey)
  2 centaur warriors (D:13)
  2 death yaks (Lair:1)
  3 two-headed ogres
  An oklob plant (Lair:1)
  3 ugly things
  A cyclops (D:12)
  Maurice (D:11)
  A slime creature (D:13)
  2 elephants (Lair:2)
  A black mamba (Lair:1)
  2 cane toads (Lair:1)
  2 gargoyles
  An unseen horror (D:12)
  2 komodo dragons
  6 trolls
  Prince Ribbit (Bailey)
  5 blink frogs (Lair:1)
  2 hornets (D:9)
  3 shadows
  Sigmund (D:5)
  4 yaks
  2 wraiths
  A steam dragon (D:10)
  2 humans (Bailey)
  5 vampire mosquitoes
  An acid dragon (D:8)
  3 nagas (Lair:2)
  4 water moccasins
  A black bear (D:6)
  2 orc warriors
  3 sky beasts
  7 ice beasts
  3 ogres
  3 centaurs
  A wolf (D:9)
  A phantom (D:4)
  5 kobold brigands
  9 bullfrogs
  A scorpion (D:7)
  15 wights
  4 killer bees (D:10)
  2 electric eels (D:13)
  A crimson imp (D:8)
  A centaur zombie (D:9)
  A hound (D:5)
  3 gnoll boudas
  A jelly (D:5)
  3 orc priests
  3 iguanas (D:6)
  9 orc wizards
  A killer bee zombie (D:9)
  A howler monkey zombie (D:9)
  20 gnolls
  5 adders
  2 river rats (Sewer)
  A white imp (D:8)
  An ufetubus (D:5)
  A worm (D:5)
  10 dart slugs
  37 orcs
  6 ball pythons
  3 endoplasms
  4 giant cockroaches
  7 hobgoblins
  3 jackals
  11 kobolds
  2 quokkas
  9 bats
  4 frilled lizards
  8 goblins
  5 rats
287 creatures vanquished.

Vanquished Creatures (collateral kills)
  A hydra (D:13)
  A two-headed ogre (D:9)
  Lodul (D:13)
  An ugly thing (D:12)
  A cyclops (D:13)
  2 slime creatures (D:13)
  A gargoyle (D:11)
  A tengu conjurer (D:13)
  2 unseen horror zombies (D:9)
  A rime drake (D:9)
  A troll (D:11)
  A shadow (D:11)
  4 yaks
  2 vampire mosquitoes
  A steam dragon (D:6)
  2 acid dragons
  2 wolves (D:9)
  5 ogres (D:13)
  A bullfrog (Bailey)
  2 wights
  2 killer bees (D:10)
  A centaur zombie (D:9)
  3 orc priests
  4 orc wizards
  A howler monkey zombie (D:9)
  A gnoll (D:6)
  A river rat (Sewer)
  7 orcs
  A giant cockroach (D:3)
  A jackal (D:3)
  3 kobolds (D:7)
58 creatures vanquished.

Vanquished Creatures (others)
  An ugly thing zombie (D:12)
  A spectral centaur (D:13)
  A slime creature zombie (D:13)
  An elephant zombie (Lair:2)
  A vampire mosquito zombie (D:10)
  A water moccasin zombie (D:6)
  A troll zombie (D:11)
  A centaur zombie (D:13)
  4 bullfrog zombies
  4 killer bee zombies (D:10)
  An acid dragon zombie (D:13)
  2 ice beast zombies (D:9)
  3 ogre zombies (D:13)
  A hound zombie (D:5)
  A steam dragon zombie (D:10)
  An ufetubus (D:5)
  An adder zombie (D:5)
  2 human zombies
  2 iguana zombies (D:6)
  3 orcs (D:5)
  6 gnoll zombies
  6 dart slug zombies (D:5)
  2 goblin zombies
  2 kobold zombies
  22 orc zombies
  A spectral ufetubus (D:5)
72 creatures vanquished.

Grand Total: 417 creatures vanquished

Notes
Turn   | Place    | Note
-------+----------+-------------------------------------------
     0 | D:1      | LobsterGuardian the Ghoul Fighter began the quest for the
                  | Orb.
     0 | D:1      | Reached XP level 1. HP: 19/19 MP: 0/0
   280 | D:1      | Reached XP level 2. HP: 21/26 MP: 1/1
   445 | D:2      | Found a faded altar of an unknown god.
   636 | D:2      | Reached XP level 3. HP: 30/31 MP: 2/2
   645 | D:2      | Reached skill level 3 in Unarmed Combat
   713 | D:2      | Found a basalt altar of Yredelemnul.
   745 | D:2      | Became a worshipper of Yredelemnul the Dark
   940 | D:2      | Reached XP level 4. HP: 22/38 MP: 3/3
   943 | D:2      | Reached * piety under Yredelemnul
   948 | D:2      | Reached skill level 1 in Invocations
   952 | D:2      | Reached skill level 4 in Unarmed Combat
  1060 | D:2      | Reached ** piety under Yredelemnul
  1473 | D:3      | Found a glowing drain.
  1556 | D:3      | Reached XP level 5. HP: 43/45 MP: 5/5
  1569 | Sewer    | Entered a sewer
  1585 | Sewer    | Noticed a kobold brigand
  1597 | Sewer    | Killed a kobold brigand
  1598 | Sewer    | Reached skill level 5 in Unarmed Combat
  1679 | Sewer    | Reached XP level 6. HP: 42/51 MP: 6/6
  1988 | Sewer    | Reached skill level 6 in Unarmed Combat
  2907 | D:4      | Reached skill level 1 in Dodging
  2907 | D:4      | Reached XP level 7. HP: 25/58 MP: 7/7
  2959 | D:4      | Identified the +2 orcbow "Sijob" {speed, rPois Will- Str+5}
  3339 | D:5      | Entered Level 5 of the Dungeon
  3396 | D:5      | Identified the +1 buckler "Uschey Meet" {rCorr Int+4}
  3448 | D:5      | Found a staircase to the Ecumenical Temple.
  3548 | D:5      | Reached skill level 7 in Unarmed Combat
  3597 | D:5      | Noticed Sigmund
  3607 | D:5      | Killed Sigmund
  3608 | D:5      | Reached XP level 8. HP: 54/66 MP: 9/9
  3619 | D:5      | Found a radiant altar of Vehumet.
  3690 | D:5      | Found a blossoming altar of Fedhas.
  3698 | D:5      | Your ally Sigmund died
  4532 | D:6      | Reached skill level 8 in Unarmed Combat
  4551 | D:6      | Found a broken altar of Ashenzari.
  4790 | D:6      | Reached skill level 9 in Unarmed Combat
  4806 | D:6      | Reached XP level 9. HP: 51/71 MP: 11/11
  5227 | D:7      | Reached skill level 5 in Armour
  5287 | D:7      | Reached skill level 10 in Unarmed Combat
  5682 | D:8      | Reached skill level 5 in Invocations
  5860 | D:8      | Reached *** piety under Yredelemnul
  5893 | D:8      | Noticed a troll
  5904 | D:8      | Killed a troll
  5992 | D:8      | Reached **** piety under Yredelemnul
  5993 | D:8      | Reached skill level 11 in Unarmed Combat
  6169 | D:8      | Reached ***** piety under Yredelemnul
  6418 | D:8      | Reached XP level 10. HP: 72/79 MP: 13/13
  6599 | D:9      | Found Duluol's Weapon Shoppe.
  6692 | D:9      | Reached skill level 12 in Unarmed Combat
  6777 | D:9      | Noticed a two-headed ogre
  6795 | D:9      | Killed a two-headed ogre
  7031 | D:9      | Reached skill level 13 in Unarmed Combat
  7148 | D:9      | Found a bloodstained altar of Trog.
  7165 | D:9      | Reached XP level 11. HP: 49/85 MP: 13/15
  7335 | D:9      | Reached ****** piety under Yredelemnul
  7340 | D:9      | Reached skill level 5 in Shields
  7438 | D:9      | Found a staircase to the Lair.
  7836 | D:10     | Entered Level 10 of the Dungeon
  8048 | D:10     | Reached skill level 14 in Unarmed Combat
  8092 | D:10     | Found a flagged portal.
  8145 | Bailey   | Entered a bailey
  8204 | Bailey   | Reached skill level 1 in Throwing
  8251 | Bailey   | Noticed a vault guard
  8273 | Bailey   | Noticed a vault guard
  8273 | Bailey   | Noticed Prince Ribbit
  8311 | Bailey   | Killed a vault guard
  8323 | Bailey   | Killed Prince Ribbit
  8418 | Bailey   | Killed a vault guard
  8625 | D:10     | Noticed Snorg
  9243 | D:11     | Reached skill level 15 in Unarmed Combat
  9663 | D:11     | Noticed Maurice
  9695 | D:11     | Killed Maurice
 10339 | D:11     | Reached XP level 12. HP: 84/93 MP: 16/16
 11073 | D:12     | Found a staircase to the Orcish Mines.
 11558 | D:12     | Reached skill level 5 in Fighting
 12322 | D:13     | Noticed a seven-headed hydra
 12324 | D:13     | HP: 3/94 [centaur/arrow[a centaur warrior] (10)]
 12325 | D:13     | Noticed a centaur warrior
 12642 | D:13     | Noticed Nessos
 12650 | D:13     | Killed Nessos
 12878 | D:13     | Noticed Lodul
 12890 | D:13     | Your ally Nessos died
 12905 | D:13     | Killed Lodul
 13027 | D:13     | Killed a centaur warrior
 13078 | D:13     | Noticed a centaur warrior
 13089 | D:13     | Killed a centaur warrior
 13855 | D:13     | Killed a seven-headed hydra
 14046 | D:13     | Noticed a two-headed ogre
 14266 | D:12     | Upgraded the game from 0.31-a0-672-g7da72447bb to
                  | 0.31-a0-675-g238779eb0a
 14339 | D:13     | Noticed a two-headed ogre
 14348 | D:13     | Killed a two-headed ogre
 14349 | D:13     | Reached skill level 16 in Unarmed Combat
 14349 | D:13     | Reached XP level 13. HP: 75/101 MP: 18/18
 14535 | D:13     | Noticed Frances
 14773 | D:13     | HP: 5/101 [Frances/+0 halberd (11)]
 15237 | Lair:1   | Entered Level 1 of the Lair of Beasts
 15558 | Lair:1   | Reached skill level 10 in Armour
 15824 | Lair:1   | Reached skill level 5 in Dodging
 16460 | Lair:2   | Found a staircase to the Snake Pit.
 16506 | Lair:2   | HP: 1/101 [elephant (14)]
 16922 | Lair:1   | HP: 2/101 [elephant (7)]
 16931 | Lair:1   | HP: 1/101 [elephant (1)]
 16935 | Lair:1   | Mangled by an elephant

Illustrated notes

Levels and vault maps discovered:
D:1:      saegor_arrival_simple_c, layout_rooms
D:2:      layout_basic, basic_altar, nicolae_ecumenical_pavilion
D:3:      layout_loops_ring, mainiacjoe_overflow_catwalk, gup_sewer_entry_glass
D:4:      layout_rooms
D:5:      kennysheep_slugbush, layout_loops_ring, lemuel_tele_altar,
          mainiacjoe_overflow_alcove_1, minmay_temple_entry_grid,
          minmay_misc_feat_columns, lemuel_flame_loot_1, uniq_sigmund
D:6:      layout_basic, kennysheep_mini_moat, roderic_serpentine_path,
          minivault_1
D:7:      layout_rooms, nicolae_twisty_statue_hallways
D:8:      layout_basic, minmay_fire_ice_demons
D:9:      layout_cross, trog_three_pillars_becter, hellmonk_lair_entry_icy,
          serial_undead, serial_undead_d, serial_undead_f, serial_undead_d,
          serial_undead_c, serial_shops, shop, st_stairs_12
D:10:     layout_loops_ring, kennysheep_slug_shrine,
          lightli_bailey_entry_fortress, grunt_ministairs_4,
          minmay_misc_feat_four_crosses, uniq_snorg
D:11:     layout_basic, uniq_maurice
D:12:     layout_basic, orc_0_dummy
D:13:     layout_basic, gauntlet_entry_generic, grunt_ogre_cave, uniq_frances,
          uniq_lodul, uniq_nessos
Lair:1:   layout_regular_city, dpeg_stationary_puzzle
Lair:2:   layout_hall_layers, minmay_swamp_entry_eels,
          minmay_snake_entry_guardpost_small, hangedman_tree_tricks,
          infiniplex_staircase_pool_2

Skill      XL: |  1  2  3  4  5  6  7  8  9 10 11 12 13 |
---------------+----------------------------------------+-----
Unarmed Combat | 3 4 5 6 7 9 11 13 15 16 | 16.5
Armour         | 3 4 5 6 9 10 | 10.3
Shields        | 3 4 5 6 |  6.0
Invocations    | 1 2 3 4 5 6 7 8 |  8.7
Dodging        | 1 2 3 4 5 |  5.1
Fighting       | 4 5 |  5.6
Throwing       | 2 3 |  3.8

Action                     |  1- 3 |  4- 6 |  7- 9 | 10-12 | 13-15 || total
---------------------------+-------+-------+-------+-------+-------++-------
  Melee: Unarmed           |    88 |   181 |   305 |   453 |   163 ||  1190
  Throw: Boomerang         |       |       |     4 |    73 |    19 ||    96
         Throwing net      |       |       |       |       |     1 ||     1
 Invoke: Dark Bargain      |       |       |       |     5 |     1 ||     6
         Recall Undead Har |       |       |       |     4 |     1 ||     5
         Drain Life        |       |       |       |     1 |       ||     1
  Evoke: Wand              |       |     2 |     4 |    14 |     4 ||    24
    Use: Scroll            |     3 |     4 |     3 |    17 |     8 ||    35
         Potion            |       |       |       |    15 |     2 ||    17
   Stab: Distracted        |       |       |     2 |     5 |       ||     7
 Armour: Scale mail        |    47 |   105 |     1 |       |       ||   153
         Ring mail         |       |       |   218 |   246 |       ||   464
         Plate armour      |       |       |       |   142 |   161 ||   303
  Dodge: Dodged            |    37 |    65 |   140 |   200 |   102 ||   544
  Block: Buckler           |    19 |    34 |    86 |   116 |    64 ||   319

Table legend: (Time is in decaauts)
 A = Elapsed time spent in this place.
 B = Non-inter-level travel time spent in this place.
 C = Inter-level travel time spent in this place.
 D = Time resting spent in this place.
 E = Time spent auto-exploring this place.
 F = Levels seen in this place.
 G = Mean time per level.
                   A        B        C        D        E       F      G
               +--------+--------+--------+--------+--------+-----+--------+
         Total |  19324 |  18178 |   1146 |    465 |  14967 |  17 | 1136.7 |
       Dungeon |  15922 |  14865 |   1057 |    465 |  12421 |  13 | 1224.8 |
          Lair |   1679 |   1590 |     89 |      0 |   1266 |   2 |  839.5 |
         Sewer |   1251 |   1251 |      0 |      0 |    897 |   1 | 1251.0 |
        Bailey |    471 |    471 |      0 |      0 |    382 |   1 |  471.0 |
               +--------+--------+--------+--------+--------+-----+--------+

Top non-repeatable levels by time:
    D:12: 2297 daAuts
    D:13: 2235 daAuts
    D:11: 1863 daAuts
     D:5: 1653 daAuts
  Lair:1: 1537 daAuts
     D:9: 1470 daAuts
   Sewer: 1251 daAuts
     D:8: 1095 daAuts
    D:10: 1086 daAuts
     D:2: 889 daAuts
     D:3: 889 daAuts
     D:6: 847 daAuts
     D:7: 579 daAuts
     D:4: 568 daAuts
  Bailey: 471 daAuts
